 Dungeon Crawl Stone Soup version 0.25.1-2-g60ff931df9 (webtiles) character file.

Game seed: 13170680772166463438

202 waddelsworth the Digger (level 5, -8/28 HPs)
             Began as a Gargoyle Earth Elementalist on Aug 6, 2020.
             Mangled by an orc warrior
             ... wielding a +0 dire flail
              (19 damage)
             ... on level 3 of the Dungeon.
             The game lasted 00:07:56 (2615 turns).

waddelsworth the Digger (GrEE)                      Turns: 2615, Time: 00:07:57

Health: -8/28      AC:  6    Str: 11    XL:     5   Next: 80%
Magic:  6/10       EV: 12    Int: 17    God:
Gold:   171        SH:  0    Dex: 10    Spells: 7/11 levels left

rFire    . . .     SeeInvis +   k - +0 dagger (venom)
rCold    . . .     Gourm    .   (no shield)
rNeg     + . .     Faith    .   c - +0 robe
rPois    ∞         Spirit   .   (no helmet)
rElec    +         Reflect  .   (no cloak)
rCorr    .         Harm     .   (no gloves)
MR       .....                  (no boots)
Stlth    ++........             (no amulet)
HPRegen  0.09/turn              i - ring of see invisible
MPRegen  0.12/turn              o - +4 ring of slaying

@: no status effects
A: negative energy resistance 1, electricity resistance, unbreathing,
petrification resistance, rot immunity, AC +4
a: no special abilities


You were on level 3 of the Dungeon.
You were not hungry.

You visited 1 branch of the dungeon, and saw 3 of its levels.

You collected 171 gold pieces.

Inventory:

Hand Weapons
 e - a +0 club
 k - a +0 dagger of venom (weapon)
Missiles
 b - 78 stones (quivered)
 s - 11 poisoned darts
 u - 5 atropa-tipped darts
Armour
 c - a +0 robe (worn)
 j - a +0 kite shield
 q - a +0 buckler
Jewellery
 i - a ring of see invisible (left hand)
 n - a cursed amulet of inaccuracy {unknown}
 o - a +4 ring of slaying (right hand)
Scrolls
 f - a scroll of immolation {unknown}
 g - 5 scrolls of identify {unknown}
 m - 3 scrolls of teleportation {unknown}
 p - a scroll of magic mapping {unknown}
 r - 2 scrolls of fog {unknown}
 t - a scroll of amnesia {unknown}
Potions
 a - a potion of lignification {unknown}
 h - 3 potions of stabbing {unknown}
 l - 2 potions of curing {unknown}
 v - a potion of degeneration {unknown}
 w - a potion of resistance {unknown}
 x - 2 potions of brilliance {unknown}
Comestibles
 d - 8 rations
 z - 3 chunks of flesh


   Skills:
 - Level 1.5 Dodging
 - Level 2.1 Stealth
 + Level 3.6 Spellcasting
 * Level 2.6 Conjurations
   Level 0.7 Transmutations
 + Level 5.4 Earth Magic


You had 7 spell levels left.
You knew the following spells:

 Your Spells              Type           Power        Failure   Level  Hunger
a - Sandblast             Erth           ###...       1%          1    None
b - Stone Arrow           Conj/Erth      ###...       10%         3    ###....

Your spell library contained the following spells:

 Spells                   Type           Power        Failure   Level  Hunger
 Passwall                 Tmut/Erth      ##......     7%          2    ##.....
 Animate Skeleton         Necr           N/A          17%         1    None
 Apportation              Tloc           #.....       17%         1    None
 Corona                   Hex            #......      17%         1    None
 Summon Small Mammal      Summ           #...         17%         1    None
 Petrify                  Tmut/Erth      ##......     41%         4    ####...
 Lee's Rapid Deconstruct  Erth           ###.......   43%         5    ######.


Dungeon Overview and Level Annotations

Branches:
Dungeon (3/15)

Altars:
Makhleb
Zin
The Shining One


Innate Abilities, Weirdness & Mutations

You are resistant to torment.
Your stone body is resilient. (AC +4)
You are immune to poison.
You resist negative energy. (rN+)
You are resistant to electric shocks. (rElec)
You can survive without breathing.
You are immune to petrification.
You are immune to rotting.


Message History

Confirm with . or Enter, or press ? or * to list all spells.
Aiming: Sandblast (safe; 1% risk of failure)
Press: ? - help, Shift-Dir - straight line, f/p - orc warrior
Aim: an orc warrior, wielding a +0 dire flail and wearing a +0 chain mail of fire resistance (lightly wounded)
The blast of sand misses the orc warrior.
b - 78 stones The orc shouts!
The orc warrior hits you with a +0 dire flail!
You barely miss the orc warrior.
The orc warrior is lightly wounded.
The orc warrior barely misses you.
You hit the orc warrior but do no damage.
The orc warrior is poisoned.
The orc warrior is lightly wounded.
The orc warrior hits you with a +0 dire flail!
You barely miss the orc warrior.
The orc warrior is moderately wounded.
The orc warrior hits you with a +0 dire flail!!
Ouch! That really hurt!
You die...

...
##.####.######.
....o).....g...
#.# #o# #g# #.#
##########
#########o#
#........#
#....@o.g.#
#....###.#
#.#########
#....###.# #.#
#.....##.###.#####
###...##.........#
#...####.......#
#...# #.......#
###...# #.......#
......# #.......#


You could see an orc warrior (poisoned), an orc and a goblin.

Vanquished Creatures
  An orc priest (D:3)
  Natasha (D:2)
  Terence (D:3)
  4 adders
  3 gnolls (D:3)
  An ooze (D:1)
  A worm (D:2)
  A dart slug (D:2)
  A leopard gecko (D:3)
  4 giant cockroaches
  6 goblins
  11 hobgoblins
  3 jackals (D:1)
  A ball python (D:2)
  2 bats (D:1)
  3 frilled lizards
  6 kobolds
  4 rats (D:1)
54 creatures vanquished.

Notes
Turn   | Place    | Note
-------+----------+-------------------------------------------
     0 | D:1      | waddelsworth the Gargoyle Earth Elementalist began the
                  | quest for the Orb.
     0 | D:1      | Reached XP level 1. HP: 10/10 MP: 3/3
   239 | D:1      | Reached skill level 4 in Earth Magic
   239 | D:1      | Reached XP level 2. HP: 15/15 MP: 3/5
   610 | D:1      | Reached XP level 3. HP: 19/19 MP: 4/7
  1207 | D:2      | Reached XP level 4. HP: 21/24 MP: 8/8
  1416 | D:2      | Found a glowing golden altar of the Shining One.
  1498 | D:2      | Learned a level 3 spell: Stone Arrow
  1715 | D:2      | Noticed Natasha
  1724 | D:2      | Killed Natasha
  1724 | D:2      | Reached skill level 1 in Conjurations
  1724 | D:2      | Reached skill level 5 in Earth Magic
  1928 | D:3      | Found a burning altar of Makhleb.
  1938 | D:3      | Reached XP level 5. HP: 23/28 MP: 4/10
  2212 | D:3      | Found a glowing silver altar of Zin.
  2212 | D:3      | Noticed an angel
  2212 | D:3      | Noticed a balrug
  2299 | D:3      | Noticed Terence
  2316 | D:3      | Killed Terence
  2597 | D:3      | Noticed an orc warrior
  2615 | D:3      | Mangled by an orc warrior

Illustrated notes

Levels and vault maps discovered:
D:1:      evilmike_arrival_hilbert_curve, layout_loops_ring, st_stairs_6,
          minmay_misc_feat_pillars
D:2:      layout_rooms, nicolae_tso_carved_into_rock, serial_curves,
          eino_curves_04, eino_curves_02, eino_curves_04, eino_curves_01,
          uniq_natasha
D:3:      layout_basic, grunt_temple_overflow_order_and_chaos_2,
          lemuel_coloured_pillars_altar, nicolae_overflow_hidden_temple,
          uniq_terence, uniq_robin

Skill      XL: |  1  2  3  4  5 |
---------------+----------------+-----
Earth Magic    | 4 5 |  5.4
Spellcasting   | 3 |  3.6
Conjurations   | 1 2 |  2.6
Dodging        | |  1.5
Stealth        | |  2.1
Transmutations | |  0.7

Action                   |  1- 3 |  4- 6 || total
-------------------------+-------+-------++-------
Melee: Dagger            |    61 |    49 ||   110
 Cast: Sandblast         |    20 |    26 ||    46
 Stab: Sleeping          |     1 |     2 ||     3
  Eat: Chunk             |     1 |     5 ||     6
Armor: Robe              |    19 |    13 ||    32
Dodge: Dodged            |    41 |    36 ||    77
